 Dungeon Crawl Stone Soup version 0.18.1-50-g88ac8fd (webtiles) character file.

58 mannyp the Skirmisher (level 4, 0/29 HPs)
             Began as a Gargoyle Berserker on Oct 20, 2016.
             Was a Believer of Trog.
             Slain by a quokka (1 damage)
             ... on level 2 of the Dungeon.
             The game lasted 00:02:16 (1386 turns).

mannyp the Skirmisher (Gargoyle Berserker)          Turns: 1386, Time: 00:02:16

Health: 0/29       AC:  5    Str: 20    XL:     4   Next: 1%
Magic:  4/4        EV: 12    Int:  8    God:    Trog [**....]
Gold:   77         SH:  0    Dex: 10    Spells: 0 memorised, 3 levels left

rFire  . . .     SeeInvis .     a - +0 mace
rCold  . . .     Gourm    .     b - +0 animal skin
rNeg   + . .     Faith    .     (no shield)
rPois  ∞         Spirit   .     (no helmet)
rElec  +         Dismiss  .     (no cloak)
rCorr  .         Reflect  .     (no gloves)
SustAt .         Harm     .     (no boots)
MR     .....                    (no amulet)
Stlth  +.........               (no ring)
                                (no ring)

@: not resistant to hostile enchantments, very unstealthy
A: negative energy resistance 1, electricity resistance, unbreathing,
petrification resistance, rot immunity, AC +3
a: Berserk, Trog's Hand, Burn Spellbooks, Renounce Religion


You were on level 2 of the Dungeon.
You worshipped Trog.
Trog was pleased with you.
You were not hungry.

You visited 1 branch of the dungeon, and saw 2 of its levels.

You collected 77 gold pieces.

Inventory:

Hand Weapons
 a - a +0 mace (weapon)
Armour
 b - a +0 animal skin (worn)
Scrolls
 e - 2 scrolls of enchant armour {unknown}
 f - 2 scrolls of identify {unknown}
 g - a scroll of magic mapping {unknown}
 l - a scroll of immolation {unknown}
Potions
 h - a potion of cure mutation {unknown}
 j - 2 potions of curing {unknown}
 k - a potion of resistance {unknown}
 m - a potion of mutation {unknown}
 n - 2 potions of lignification {unknown}
Comestibles
 c - a bread ration
 d - a slice of pizza
 i - 3 chunks of flesh


   Skills:
 + Level 4.0 Fighting
 * Level 3.8 Maces & Flails
 + Level 2.1 Armour
 + Level 2.2 Dodging


You had 3 spell levels left.
You didn't know any spells.

Dungeon Overview and Level Annotations

Branches:
Dungeon (2/15)

Altars:


Innate Abilities, Weirdness & Mutations

You are resistant to torment.
Your stone body is resilient (AC +3).
You are immune to poison.
You resist negative energy.
You are resistant to electric shocks.
You can survive without breathing.
You are immune to petrification.
You are immune to rotting.


Message History

You hit the worm.
The worm is moderately wounded.
The quokka closely misses you. The quokka bites you.
You hit the worm.
The worm is heavily wounded.
The quokka closely misses you. The worm barely misses you.
You hit the worm.
The worm is heavily wounded.
The quokka closely misses you. The worm bites you.
The quokka bites you but does no damage.
You hit the worm.
The worm is severely wounded.
The quokka bites you.
* * * LOW HITPOINT WARNING * * *
The worm bites you.
* * * LOW HITPOINT WARNING * * *
You hit the worm.
The worm is severely wounded.
The quokka misses you. The quokka bites you.
You die...

#.# #.#
#.........# #.#
#.........# #.#
#.........# #.#
#.........# #.#
#.........# #.#
#.........#
#.######.........#
#..........r@w...#
########......?..#
#(........#
#.........#
#.........#
#.........#
##.######## #.#


You could see a worm and a quokka.

Vanquished Creatures
  An adder (D:2)
  2 worms (D:2)
  A dart slug (D:1)
  A giant gecko (D:2)
  A giant cockroach (D:2)
  5 goblins
  5 hobgoblins
  4 kobolds (D:1)
  A quokka (D:2)
  A ball python (D:2)
  7 bats
  A giant newt (D:1)
  9 rats
39 creatures vanquished.

Notes
Turn   | Place    | Note
--------------------------------------------------------------
     0 | D:1      | mannyp the Gargoyle Berserker began the quest for the Orb.
     0 | D:1      | Reached XP level 1. HP: 14/14 MP: 1/1
    65 | D:1      | Reached XP level 2. HP: 9/19 MP: 2/2
   502 | D:1      | Reached XP level 3. HP: 23/24 MP: 3/3
  1167 | D:2      | Reached ** piety under Trog
  1167 | D:2      | Reached skill level 4 in Fighting
  1347 | D:2      | Reached XP level 4. HP: 28/29 MP: 4/4
  1385 | D:2      | HP: 1/29 [worm (5)]
  1386 | D:2      | Slain by a quokka

Skill      XL: |  1  2  3 |
---------------+----------+-----
Dodging        | 2 |  2.2
Fighting       | 4 |  4.0
Maces & Flails | |  3.8
Armour         | |  2.1

Action                   |  1- 3 |  4- 6 || total
-------------------------+-------+-------++-------
Melee: Mace              |   126 |    12 ||   138
Invok: Berserk           |     1 |       ||     1
  Eat: Chunk             |     3 |       ||     3
Armor: Animal skin       |    51 |     7 ||    58
Dodge: Dodged            |   109 |    12 ||   121
